 Dungeon Crawl Stone Soup version 0.27.1-34-g3ba077fa99 (webtiles) character file.

Game seed: 12395372948635264834

2864 Delamore the Covert (level 9, -3/58 HPs)
             Began as an Octopode Brigand on Feb 12, 2022.
             Slain by a scorpion (7 damage)
             ... on level 5 of the Dungeon.
             The game lasted 00:07:30 (5176 turns).

Delamore the Covert (Octopode Brigand)              Turns: 5176, Time: 00:07:31

Health: -3/58      AC:  2    Str: 11    XL:     9   Next: 75%
Magic:  9/9        EV: 15    Int: 13    God:
Gold:   338        SH:  0    Dex: 22    Spells: 8/8 levels left

rFire    . . .     SeeInvis .   a - +3 dagger
rCold    . . .     Faith    .   (no shield)
rNeg     . . .     Spirit   .   g - +1 hat
rPois    .         Reflect  .   k - amulet of regeneration
rElec    .         Harm     .   f - +6 ring of dexterity
rCorr    .         Rampage  .   (no ring)
Will     .....                  (no ring)
Stlth    ++++++....             (no ring)
HPRegen  1.19/turn              (no ring)
MPRegen  0.11/turn              (no ring)
                                (no ring)
                                (no ring)

@: mighty, lethally poisoned (-3 -> -6)
A: almost no armour, amphibious, 8 rings, camouflage 1, gelatinous body 1,
(nimble swimmer 1), tentacles
a: no special abilities


You were on level 5 of the Dungeon.
You visited 1 branch of the dungeon, and saw 6 of its levels.

You collected 338 gold pieces.

Inventory:

Hand Weapons
 a - a +3 dagger (weapon)
Missiles
 b - 3 poisoned darts (quivered)
 c - 2 curare-tipped darts
 u - 8 boomerangs
Armour
 g - a +1 hat (worn)
Jewellery
 f - a +6 ring of dexterity (left tentacle)
 k - an amulet of regeneration (around mantle)
 x - a ring of ice
Wands
 s - a wand of iceblast (6)
Scrolls
 e - 2 scrolls of enchant armour
 l - a scroll of vulnerability
 m - a scroll of immolation
 o - a scroll of holy word {unknown}
 p - a scroll of summoning {unknown}
 q - a scroll of enchant weapon
 t - a scroll of magic mapping {unknown}
 v - a scroll of fear {unknown}
Potions
 d - 2 potions of curing {unknown}
 h - a potion of heal wounds {unknown}
 i - 2 potions of resistance {unknown}
 j - 4 potions of might
 n - 2 potions of invisibility {unknown}
 r - a potion of degeneration {unknown}


   Skills:
 + Level 3.7 Fighting
 - Level 10.0 Short Blades
 + Level 3.7 Throwing
 + Level 3.2 Dodging
 - Level 10.0 Stealth
 + Level 3.2 Evocations


You had 8 spell levels left.
You didn't know any spells.
Your spell library contained the following spells:

 Spells                   Type           Power      Damage    Failure   Level
 Passage of Golubria      Tloc           N/A        N/A       97%         4
 Iskenderun's Battlesphe  Conj           0%         2d6       100%        5
 Silence                  Hex/Air        0%         N/A       100%        5
 Iron Shot                Conj/Erth      0%         9d1       100%        6
 Spellforged Servitor     Conj/Summ      0%         N/A       100%        7
 Lehudib's Crystal Spear  Conj/Erth      0%         10d2      100%        8


Dungeon Overview and Level Annotations

Branches:
Dungeon (6/15)
 Temple: D:4-7

Altars:
Cheibriados
Elyvilon
Fedhas
Kikubaaqudgha
Sif Muna
Uskayaw


Innate Abilities, Weirdness & Mutations

You cannot wear most types of armour.
You are amphibious.
You can wear up to eight rings at the same time.
Your skin changes colour to match your surroundings (Stealth+).
Your rubbery body absorbs attacks. (AC +1, EV +1)
((You are camouflaged near water. (Stealth+)))
You have tentacles for arms and can constrict up to eight enemies at once.


Message History

The orc warrior barely misses you.
You closely miss the orc warrior.
The orc shouts!
Your grab misses the orc warrior.
The orc warrior hits you with a +0 trident!
You are too injured to fight recklessly!
You are too injured to fight recklessly!
You are too injured to fight recklessly!
You are too injured to fight recklessly!
You are too injured to fight recklessly!
You are too injured to fight recklessly!
You are too injured to fight recklessly!
The orc warrior hits you from afar with a +0 trident.
* * * LOW HITPOINT WARNING * * *
The scorpion stings you.
* * * LOW HITPOINT WARNING * * *
A sky beast comes into view.
The scorpion closely misses you.
Items here: )) ? [.
Items here: ( )) ?.
The scorpion stings you!
* * * LOW HITPOINT WARNING * * *
There is a stone staircase leading up here.
The orc warrior hits you from afar with a +0 trident.
* * * LOW HITPOINT WARNING * * *
The scorpion barely misses you.
You climb upwards.
There is a stone staircase leading down here.
The scorpion stings you.
* * * LOW HITPOINT WARNING * * *
You are poisoned.
The scorpion poisons you!
Things that are here:
a +0 leather armour; a +0 whip
* * * LOW HITPOINT WARNING * * *
You feel very sick.
It was a potion of might.
You feel very mighty all of a sudden.
You feel sick. The scorpion stings you!
You die...

#....# ########.##.#
.......#.##.# ######.#.##.#
###....#'### #..........#
####..........#
#.............######
................@s>#
#.............####[#########
............#.# #.........#
#....##.#...#.####.........#
#....##.#...#........).....#
#....##.#.#.#####..........#
#....##.#.#.#####..........#
.....##.#....##............#
......#.####(##............#


You could see a scorpion.

Vanquished Creatures
  Prince Ribbit (D:5)
  3 yaks
  Edmund (D:5)
  Duvessa (D:4)
  A sky beast (D:5)
  4 ogres
  5 necrophages
  2 centaurs
  A phantom (D:4)
  A bullfrog (D:5)
  A wyvern zombie (D:5)
  A water moccasin zombie (D:5)
  A scorpion (D:5)
  Dowan (D:4)
  A water moccasin skeleton (D:5)
  A jelly (D:6)
  2 hounds (D:6)
  An orc priest (D:4)
  A bullfrog zombie (D:6)
  2 iguanas (D:5)
  2 scorpion zombies (D:5)
  A gnoll shaman (D:5)
  3 orc wizards (D:6)
  A hound zombie (D:5)
  A hound skeleton (D:5)
  10 adders
  6 gnolls
  An ufetubus (D:4)
  2 adder skeletons (D:4)
  3 worms
  A dart slug (D:3)
  17 orcs
  3 ball pythons
  7 bats
  10 endoplasms
  2 giant cockroaches (D:3)
  7 goblins
  7 hobgoblins
  3 jackals (D:1)
  2 quokkas
  4 frilled lizards
  2 kobolds (D:4)
  3 rats
130 creatures vanquished.

Vanquished Creatures (others)
  A bush (D:5)
  11 plants (D:5)
12 creatures vanquished.

Grand Total: 142 creatures vanquished

Notes
Turn   | Place    | Note
-------+----------+-------------------------------------------
     0 | D:1      | Delamore the Octopode Brigand began the quest for the Orb.
     0 | D:1      | Reached XP level 1. HP: 14/14 MP: 1/1
   127 | D:1      | Found a faded altar of an unknown god.
   245 | D:1      | Reached XP level 2. HP: 19/19 MP: 2/2
   980 | D:2      | Reached XP level 3. HP: 24/24 MP: 3/3
  1980 | D:2      | Reached XP level 4. HP: 29/29 MP: 4/4
  2229 | D:3      | Reached XP level 5. HP: 31/34 MP: 5/5
  2776 | D:4      | Noticed a necrophage
  2781 | D:4      | Killed a necrophage
  2818 | D:4      | Reached XP level 6. HP: 39/39 MP: 6/6
  2867 | D:4      | Found a shimmering blue altar of Sif Muna.
  2868 | D:4      | Found a hide-covered altar of Uskayaw.
  2956 | D:4      | Noticed Duvessa
  2965 | D:4      | Noticed Dowan
  2974 | D:4      | Killed Duvessa
  2983 | D:4      | Killed Dowan
  3122 | D:4      | Reached skill level 10 in Stealth
  3122 | D:4      | Reached XP level 7. HP: 45/45 MP: 7/7
  3428 | D:5      | Entered Level 5 of the Dungeon
  3428 | D:5      | Found an ancient bone altar of Kikubaaqudgha.
  3434 | D:5      | Reached skill level 5 in Short Blades
  3627 | D:5      | Noticed Edmund
  3644 | D:5      | Killed Edmund
  3645 | D:5      | Reached XP level 8. HP: 50/50 MP: 8/8
  3864 | D:5      | Found a snail-covered altar of Cheibriados.
  4016 | D:5      | Noticed Prince Ribbit
  4019 | D:5      | Killed Prince Ribbit
  4030 | D:5      | Reached XP level 9. HP: 54/54 MP: 9/9
  4279 | D:5      | Found a blossoming altar of Fedhas.
  4567 | D:5      | Reached skill level 10 in Short Blades
  4587 | D:5      | Reached skill level 1 in Evocations
  4685 | D:6      | Found a white marble altar of Elyvilon.
  5176 | D:5      | Slain by a scorpion

Illustrated notes

Levels and vault maps discovered:
D:1:      ncdulo_smallfort, layout_loops_ring,
          hellmonk_ecumenical_altar_heavens_door
D:2:      layout_basic, minmay_misc_feat_nine_boxes, minmay_quadrilaterals
D:3:      layout_basic, chequers_serial_rivers_small_b, grunt_ministairs_13,
          minivault_5, wad_orctagon
D:4:      layout_loops_ring, grunt_temple_overflow_open,
          kennysheep_generic_room_14, uniq_duvessa
D:5:      layout_basic, nicolae_kikubaaqudgha_miasma_corner,
          cheibriados_altar_1, fedhas_altar_decomposition,
          serial_park_tiny_pond, kennysheep_generic_room_11,
          uniq_prince_ribbit1, uniq_edmund
D:6:      layout_basic, nicolae_ru_path_of_blood, mainiacjoe_overflow_chevrons,
          grunt_ministairs_10, moated_statue, uniq_pikel

Skill      XL: |  1  2  3  4  5  6  7  8  9 |
---------------+----------------------------+-----
Stealth        | 6 7 8 10 | 10.0
Short Blades   | 3 4 7 9 10 | 10.0
Evocations     | 3 |  3.2
Dodging        | 3 |  3.2
Throwing       | 3 |  3.7
Fighting       | 3 |  3.7

Action                   |  1- 3 |  4- 6 |  7- 9 || total
-------------------------+-------+-------+-------++-------
Melee: Dagger            |    62 |    78 |   234 ||   374
       Constrict         |    10 |    19 |    21 ||    50
       Tentacles         |     9 |    25 |    74 ||   108
Throw: Dart              |       |     3 |    10 ||    13
Evoke: Wand              |       |       |     2 ||     2
  Use: Scroll            |     1 |     2 |     2 ||     5
       Potion            |       |       |     1 ||     1
 Stab: Sleeping          |    22 |    12 |    15 ||    49
       Distracted        |       |     1 |     3 ||     4
Armor: Skin              |     6 |     3 |    13 ||    22
Dodge: Dodged            |    30 |    31 |    98 ||   159
